 Dungeon Crawl Stone Soup version 0.24.0-123-gd5b16e6ec5 (webtiles) character file.

Game seed: 15514332554968397810, levelgen mode: deterministic

867 Amplified the Skirmisher (level 8, -2/70 HPs)
             Began as a Hill Orc Summoner on Feb 8, 2020.
             Was a Follower of the Shining One.
             Killed from afar by an orc wizard (5 damage)
             ... with a puff of flame
             ... on level 5 of the Dungeon.
             The game lasted 00:08:37 (5571 turns).

Amplified the Skirmisher (Hill Orc Summoner)        Turns: 5571, Time: 00:08:38

Health: -2/70      AC:  1    Str: 20    XL:     8   Next: 3%
Magic:  10/10      EV: 12    Int: 13    God:    the Shining One [*.....]
Gold:   180        SH:  0    Dex: 11    Spells: 7/10 levels left

rFire    . . .     SeeInvis .   h - +3 dagger (venom)
rCold    . . .     Gourm    .   (no shield)
rNeg     . . .     Faith    .   a - +0 robe
rPois    .         Spirit   .   (helmet restricted)
rElec    .         Reflect  .   (no cloak)
rCorr    .         Harm     .   (no gloves)
MR       .....                  (no boots)
Stlth    +.........             (no amulet)
HPRegen  0.21/turn              l - ring of stealth
MPRegen  0.12/turn              x - +2 ring of protection

@: mighty, corroded, glowing
A: horns 1, iridescent scales 1, deformed body, dopey 1, mutation resistance 1,
strong 1
a: Renounce Religion


You were on level 5 of the Dungeon.
You worshipped the Shining One.
The Shining One was aware of your devotion.
You were not hungry.

You visited 2 branches of the dungeon, and saw 7 of its levels.

You collected 180 gold pieces.

Inventory:

Hand Weapons
 f - a +1 mace of crushing
 h - a +3 dagger of venom (weapon)
Missiles
 b - 4 javelins (quivered)
 r - 27 poisoned darts
Armour
 a - a +0 robe (worn)
 s - a +0 helmet
 w - a +0 plate armour
Jewellery
 d - an uncursed amulet of harm
 e - an uncursed ring of magical power
 i - an uncursed ring of flight
 j - an uncursed ring of wizardry
 l - a ring of stealth (left hand)
 x - a +2 ring of protection (right hand)
Scrolls
 q - 3 scrolls of remove curse
Potions
 k - a potion of flight
 t - a potion of cancellation {unknown}
 z - a potion of ambrosia {unknown}
Comestibles
 c - 11 rations


   Skills:
 * Level 5.9 Fighting
 * Level 5.2 Maces & Flails
 * Level 5.4 Armour
 - Level 1.5 Dodging
 - Level 1.5 Stealth
 - Level 1.5 Spellcasting
 - Level 4.0 Summonings


You had 7 spell levels left.
You knew the following spells:

 Your Spells              Type           Power        Failure   Level  Hunger
a - Summon Small Mammal   Summ           ##..         5%          1    ##.....
b - Call Imp              Summ           ##......     8%          2    ###....

Your spell library contained the following spells:

 Spells                   Type           Power        Failure   Level  Hunger
 Call Canine Familiar     Summ           ##......     16%         3    ####...
 Animate Skeleton         Necr           N/A          26%         1    ##.....
 Apportation              Tloc           #.....       26%         1    ##.....
 Confusing Touch          Hex            #.....       26%         1    ##.....
 Summon Guardian Golem    Hex/Summ       #.......     34%         3    ####...
 Summon Ice Beast         Ice/Summ       #.......     75%         4    #####..
 Summon Lightning Spire   Summ/Air       #.......     75%         4    #####..


Dungeon Overview and Level Annotations

Branches:
Dungeon (6/15)             Temple (1/1) D:5

Altars:
Ashenzari
Cheibriados
Elyvilon
Fedhas
Gozag
Kikubaaqudgha
Makhleb
Nemelex Xobeh
Okawaru
Qazlal
Ru
Sif Muna
Trog
Uskayaw
Vehumet
Wu Jian
Xom
The Shining One


Innate Abilities, Weirdness & Mutations

You have a pair of small horns on your head.
You are partially covered in iridescent scales. (AC +2)
Armour fits poorly on your strangely shaped body.
You are dopey. (Int -2)
You are somewhat resistant to further mutation.
Your muscles are strong. (Str +2)


Message History

You are splashed with acid!
You hit the jelly.
Your hands burn!
The jelly is heavily wounded.
The jelly closely misses you.
You hit the jelly.
The jelly is poisoned.
Your hands burn!
* * * LOW HITPOINT WARNING * * *
You headbutt the jelly.
You kill the jelly!
You have reached level 8!
The orc wizard looks more healthy.
The orc wizard zaps a wand.
The mass of ice explodes!
The iceblast engulfs you!
* * * LOW HITPOINT WARNING * * *
You hear a shout!
The orc wizard zaps a wand.
The mass of ice explodes!
The iceblast engulfs you!
* * * LOW HITPOINT WARNING * * *
It was a potion of might.
You feel very mighty all of a sudden.
The orc wizard points at you and mumbles some strange words.
The puff of flame hits you.
You die...

/### #......##...# [###
#......###### .# #.....o### .#
#.......o# .#####.....##.#
...........##.#####
...........##ooo.o#
§§.##..)...######.############
≈≈≈######### #@...#...##...##
§≈§≈# +.##...........## .#§§≈#
+.##............# .##§§≈#
####.........?..# .# #≈§≈#
#............# .# #§≈≈
##...........## .#
###.<#...##...## .#
#...########### # #####


You could see an orc wizard.

Vanquished Creatures
  Menkaure (D:5)
  A centaur (D:5)
  2 scorpions
  5 crimson imps
  A jelly (D:5)
  2 orc priests
  A centaur skeleton (D:4)
  2 worker ants
  Robin (D:3)
  8 adders
  An adder skeleton (D:4)
  An adder zombie (D:5)
  3 worms
  7 leopard geckos
  5 orcs
  4 giant cockroaches
  20 goblins
  8 hobgoblins
  9 jackals
  3 quokkas
  4 bats
  4 frilled lizards
  A giant cockroach zombie (D:5)
  6 kobolds
  12 rats
112 creatures vanquished.

Vanquished Creatures (collateral kills)
  2 adders (D:2)
  2 goblins
  A rat (D:1)
5 creatures vanquished.

Grand Total: 117 creatures vanquished

Notes
Turn   | Place    | Note
-------+----------+-------------------------------------------
     0 | D:1      | Amplified the Hill Orc Summoner began the quest for the
                  | Orb.
     0 | D:1      | Reached XP level 1. HP: 14/14 MP: 3/3
    72 | D:1      | Reached skill level 1 in Fighting
    72 | D:1      | Reached skill level 1 in Armour
   128 | D:1      | Reached XP level 2. HP: 13/23 MP: 0/4
   437 | D:1      | Reached skill level 1 in Maces & Flails
   823 | D:1      | Reached XP level 3. HP: 27/29 MP: 5/5
  1058 | D:1      | Learned a level 2 spell: Call Imp
  1328 | D:2      | Reached XP level 4. HP: 22/37 MP: 6/6
  1969 | D:2      | Reached XP level 5. HP: 13/45 MP: 7/7
  3275 | D:3      | Noticed Robin
  3279 | D:3      | Gained mutation: You tend to lose your temper in combat.
                  | [potion of mutation]
  3279 | D:3      | Gained mutation: You occasionally shout uncontrollably at
                  | your foes. [potion of mutation]
  3279 | D:3      | Gained mutation: Your spells are a little harder to cast,
                  | but a little more powerful. [potion of mutation]
  3589 | D:3      | Killed Robin
  3589 | D:3      | Reached XP level 6. HP: 52/52 MP: 8/8
  4490 | D:5      | Entered Level 5 of the Dungeon
  4559 | D:5      | Lost mutation: Your spells are a little harder to cast, but
                  | a little more powerful. [potion of mutation]
  4559 | D:5      | Lost mutation: You occasionally shout uncontrollably at
                  | your foes. [potion of mutation]
  4559 | D:5      | Gained mutation: You are partially covered in iridescent
                  | scales. (AC +2) [potion of mutation]
  4559 | D:5      | Gained mutation: Armour fits poorly on your strangely
                  | shaped body. [potion of mutation]
  4559 | D:5      | Gained mutation: You often lose your temper in combat.
                  | [potion of mutation]
  4559 | D:5      | Gained mutation: Your muscles are strong. (Str +2) [potion
                  | of mutation]
  4560 | D:5      | Lost mutation: You often lose your temper in combat.
                  | [potion of mutation]
  4560 | D:5      | Lost mutation: You tend to lose your temper in combat.
                  | [potion of mutation]
  4560 | D:5      | Gained mutation: You have a pair of small horns on your
                  | head. [potion of mutation]
  4560 | D:5      | Gained mutation: You are dopey. (Int -2) [potion of
                  | mutation]
  4560 | D:5      | Gained mutation: You are somewhat resistant to further
                  | mutation. [potion of mutation]
  4579 | D:5      | Found a staircase to the Ecumenical Temple.
  4589 | Temple   | Entered the Ecumenical Temple
  4862 | Temple   | Became a worshipper of the Shining One
  4921 | D:5      | Reached XP level 7. HP: 55/60 MP: 9/9
  4978 | D:5      | Found a snail-covered altar of Cheibriados.
  5258 | D:5      | Reached skill level 5 in Fighting
  5283 | D:5      | Noticed Menkaure
  5297 | D:5      | Killed Menkaure
  5297 | D:5      | Reached skill level 5 in Maces & Flails
  5297 | D:5      | Reached skill level 5 in Armour
  5498 | D:5      | Reached * piety under the Shining One
  5568 | D:5      | Reached XP level 8. HP: 21/70 MP: 10/10
  5569 | D:5      | HP: 2/70 [orc wizard/iceblast (8)]
  5571 | D:5      | Killed from afar by an orc wizard

Levels and vault maps discovered:
D:1:      minmay_arrival_radiant_lines, layout_basic
D:2:      layout_loops_ring
D:3:      layout_basic, first_ration, uniq_robin
D:4:      layout_basic
D:5:      layout_rooms, temple_doors_e, basic_altar, grunt_ministairs_4,
          kennysheep_opposing_triangles, uniq_menkaure
D:6:      layout_layer_cave, grunt_temple_overflow_diamond, basic_altar,
          nicolae_dithmenos_the_darkroom, uniq_edmund, uniq_sigmund
Temple:   dpeg_five_rooms_temple

Skill      XL: |  1  2  3  4  5  6  7 |
---------------+----------------------+-----
Fighting       | 1 2 3 4 5 |  5.9
Armour         | 1 2 3 4 5 |  5.4
Maces & Flails | 1 2 3 4 5 |  5.2
Dodging        | |  1.5
Stealth        | |  1.5
Spellcasting   | |  1.5
Summonings     | |  4.0

Action                   |  1- 3 |  4- 6 |  7- 9 || total
-------------------------+-------+-------+-------++-------
Melee: Mace              |    69 |   185 |     9 ||   263
       Unarmed           |     6 |       |       ||     6
       Dagger            |       |    64 |    69 ||   133
       Headbutt          |       |     1 |    15 ||    16
Throw: Javelin           |       |       |     1 ||     1
 Cast: Summon Small Mamm |    13 |     1 |       ||    14
Evoke: Wand              |       |     6 |     1 ||     7
  Use: Scroll            |     4 |     5 |     2 ||    11
       Potion            |       |    10 |     5 ||    15
 Stab: Distracted        |     1 |       |       ||     1
       Sleeping          |     4 |    10 |       ||    14
       Paralysed         |       |     6 |       ||     6
  Eat: Chunk             |     1 |    11 |       ||    12
       Ration            |       |     1 |       ||     1
Armor: Robe              |    16 |    43 |    19 ||    78
Dodge: Dodged            |    61 |   180 |    49 ||   290
